 Dungeon Crawl Stone Soup version 0.17-a0-1078-g243345b (webtiles) character file.

4412 Fluffy the Cleaver (level 10, 0/93 HPs)
             Began as a Hill Orc Fighter on May 19, 2015.
             Was an Elder of Qazlal.
             Killed from afar by Maurice (18 damage)
             ... with a wand of draining
             ... on level 9 of the Dungeon.
             The game lasted 00:21:58 (8322 turns).

Fluffy the Cleaver (Hill Orc Fighter)               Turns: 8322, Time: 00:21:59

Health: 0/93       AC: 17    Str: 20    XL:     10   Next: 36%
Magic:  16/16      EV:  4    Int:  8    God:    Qazlal [****..]
Gold:   410        SH: 15    Dex: 19    Spells: 0 memorised, 9 levels left

rFire  . . .     SeeInvis .     q - +2 hand axe (venom)
rCold  + . .     Clarity  .     L - +1 plate armour {rC+}
rNeg   . . .     SustAb   .     c - +0 shield
rPois  +         Gourm    .     E - +0 hat
rElec  .         Spirit   .     J - +0 cloak of Quantum Leap {Dex+4}
rCorr  .         Warding  .     s - +0 pair of gloves
rMut   .         Stasis   .     (no boots)
MR     .....                    (no amulet)
Stlth  ..........               P - +2 ring of dexterity
                                h - ring of poison resistance

@: repel missiles, drained, not resistant to hostile enchantments, extremely
unstealthy
A: no striking features
a: Upheaval, Elemental Force, Renounce Religion


You were on level 9 of the Dungeon.
You worshipped Qazlal.
Qazlal was greatly pleased with you.
You were not hungry.

You visited 1 branch of the dungeon, and saw 9 of its levels.
You also visited: Sewer.

You collected 410 gold pieces.

Inventory:

Hand weapons
 q - a +2 hand axe of venom (weapon)
Armour
 c - a +0 shield (worn)
 s - a +0 pair of gloves (worn)
 E - a +0 hat (worn)
 J - the +0 cloak of Quantum Leap (worn) {Dex+4}
   (You found it on level 7 of the Dungeon)

   It affects your dexterity (+4).
 L - a +1 plate armour of cold resistance (worn)
Jewellery
 h - a ring of poison resistance (left hand)
 P - a +2 ring of dexterity (right hand)
Magical devices
 F - a wand of cold (0)
 K - a wand of random effects (26)
Scrolls
 a - 2 scrolls of recharging
 j - 3 scrolls of enchant armour {unknown}
 l - a scroll of fog {unknown}
 n - 8 scrolls of identify {unknown}
 o - 6 scrolls of teleportation {unknown}
 t - a scroll of acquirement {unknown}
 w - a scroll of remove curse {unknown}
 y - 3 scrolls of blinking {unknown}
 A - a scroll of immolation {unknown}
 G - a scroll of enchant weapon {unknown}
 H - a scroll of magic mapping
Potions
 d - 2 potions of flight {unknown}
 f - 8 potions of curing {unknown}
 i - 2 potions of ambrosia {unknown}
 m - 2 potions of haste
 p - a potion of mutation {unknown}
 r - 5 potions of cancellation {unknown}
 u - a potion of berserk rage {unknown}
 v - 5 potions of lignification {unknown}
 x - 2 potions of agility {unknown}
 B - 2 potions of poison {unknown}
 C - 3 potions of heal wounds {unknown}
 D - 5 potions of brilliance {unknown}
 O - a potion of cure mutation {unknown}
Comestibles
 b - a slice of pizza
 e - 7 bread rations
 g - 6 meat rations
 k - 5 fruits
 z - 2 royal jellies
 I - a beef jerky


   Skills:
 + Level 9.9(9.3) Fighting
 + Level 10.2(9.6) Axes
 + Level 9.0(8.4) Armour
 - Level 3.2(2.7) Shields
 + Level 8.6(8.0) Invocations


You had 9 spell levels left.
You didn't know any spells.

Dungeon Overview and Level Annotations

Branches:
Dungeon (9/15)             Temple (0/1) D:6            Lair (0/8) D:8
    Orc: D:9-12

Altars:
Cheibriados
Dithmenos
Makhleb
Nemelex Xobeh
Okawaru
Qazlal
Sif Muna
Vehumet
Xom
Yredelemnul
Zin

Annotations:
D:8 exclusion: statue
D:9 Maurice


Message History

Maurice mumbles some strange words.
Maurice looks slightly unstable.
Evoke which item? (* to show all) (? for menu, Esc to quit)
Zapping:
F - a wand of cold {zapped: 4} (will waste charges)
Press: ? - help, Shift-Dir - straight line, f/p - Maurice
Aim: Maurice, wielding a dagger and wearing a cloak (almost dead, covering ground quickly) Nothing appears to happen.
Maurice gestures wildly while chanting.
Maurice flickers and vanishes!
You hear a zap.
A bolt of negative energy appears from out of thin air!
The bolt of negative energy misses you.
You see here a killer bee corpse.
You closely miss something.
Things that are here:
a giant club; a dire flail; a killer bee corpse You hear a zap.
A bolt of negative energy appears from out of thin air!
The bolt of negative energy hits you!
You feel drained.
You die...

....... )..... .......
...... . ....... ......
..# ....... ...... ....
....... ...... .....
....... ......
#...#####....... ......
#.....†§........ ......
......####@§......
...... ..... #§§######
###### ...##..... #..#
......... #..# .........
..####..###############
........
.....§.....§.O..........
.......
........................
.)..#
########################
#oo#


There were no monsters in sight!

Vanquished Creatures
  Prince Ribbit (D:7)
  2 two-headed ogres
  A human (D:9)
  2 wargs (D:9)
  The ghost of Baka the Shield-Bearer, an average GrFi (D:4)
  A water moccasin (D:8)
  An orc warrior (D:7)
  2 sky beasts
  5 ogres
  2 black bears
  A phantom (D:6)
  A centaur (D:5)
  3 giant frogs
  2 big kobolds (Sewer)
  A gnoll sergeant (D:6)
  8 killer bees (D:9)
  3 scorpions
  A water moccasin zombie (D:5)
  2 crimson imps (D:6)
  A centaur skeleton (D:6)
  A centaur zombie (D:7)
  3 jellies
  2 iguanas (D:5)
  3 hounds
  A giant frog skeleton (D:8)
  4 orc priests
  5 orc wizards
  4 worker ants
  A hound skeleton (D:3)
  A hound zombie (D:6)
  6 gnolls
  18 adders
  5 river rats (Sewer)
  4 shadow imps
  2 oozes
  An adder skeleton (D:4)
  3 worms
  7 giant geckos
  31 orcs
  6 ball pythons
  12 bats
  A bat skeleton (D:8)
  12 giant cockroaches
  11 goblins
  15 hobgoblins
  8 jackals
  2 quokkas
  A giant gecko skeleton (D:4)
  7 giant newts
  A jackal skeleton (D:4)
  22 kobolds
  A quokka zombie (D:6)
  32 rats
  A spectral orc (D:6)
  3 fungi (D:8)
278 creatures vanquished.

Vanquished Creatures (others)
  A bat (D:1)
1 creature vanquished.

Grand Total: 279 creatures vanquished

Notes
Turn   | Place    | Note
--------------------------------------------------------------
     0 | D:1      | Fluffy the Hill Orc Fighter began the quest for the Orb.
     0 | D:1      | Reached XP level 1. HP: 19/19 MP: 1/1
   132 | D:1      | Reached XP level 2. HP: 20/27 MP: 2/2
   420 | D:1      | Reached XP level 3. HP: 28/33 MP: 3/3
   808 | D:2      | Reached skill level 4 in Fighting
   892 | D:2      | Reached XP level 4. HP: 29/40 MP: 4/4
  1594 | D:3      | Reached XP level 5. HP: 44/47 MP: 5/5
  1999 | D:3      | Found a burning altar of Makhleb.
  2004 | D:3      | Found a glowing silver altar of Zin.
  2004 | D:3      | Noticed an Executioner
  2004 | D:3      | Noticed an angel
  2244 | D:4      | Noticed Baka's ghost (average GrFi)
  2272 | D:4      | Reached skill level 5 in Fighting
  2524 | D:4      | Reached skill level 5 in Axes
  2567 | D:4      | Reached skill level 5 in Armour
  2576 | D:4      | Reached XP level 6. HP: 56/56 MP: 6/6
  2683 | D:4      | Killed Baka's ghost
  2747 | D:4      | Noticed a fire elemental
  2749 | D:4      | Found a stormy altar of Qazlal.
  2750 | D:4      | Noticed a water elemental
  2750 | D:4      | Noticed an air elemental
  2755 | D:4      | Became a worshipper of Qazlal Stormbringer
  3036 | D:5      | Entered Level 5 of the Dungeon
  3104 | D:5      | Reached skill level 6 in Axes
  3104 | D:5      | Reached skill level 1 in Invocations
  3104 | D:5      | Reached XP level 7. HP: 44/62 MP: 6/8
  3900 | D:5      | Reached XP level 8. HP: 71/71 MP: 10/10
  3984 | D:6      | Found a glowing drain.
  4017 | Sewer    | Entered a sewer
  4034 | Sewer    | Acquired Qazlal's first power
  4177 | Sewer    | Acquired Qazlal's second power
  4373 | Sewer    | Reached skill level 7 in Axes
  4706 | D:6      | Reached skill level 5 in Invocations
  5131 | D:6      | Acquired Qazlal's third power
  5160 | D:6      | Reached skill level 8 in Axes
  5200 | D:6      | Reached XP level 9. HP: 71/81 MP: 13/13
  5482 | D:6      | Found a basalt altar of Yredelemnul.
  5497 | D:6      | Found a staircase to the Ecumenical Temple.
  5674 | D:6      | Found a shimmering altar of Xom.
  5683 | D:6      | Found a shadowy altar of Dithmenos.
  5808 | D:7      | Got a translucent cloak
  5819 | D:7      | Identified the +0 cloak of Quantum Leap {Dex+4} (You found it on level 7 of the Dungeon)
  6089 | D:7      | Noticed Prince Ribbit
  6102 | D:7      | Killed Prince Ribbit
  6107 | D:7      | Reached skill level 9 in Axes
  6836 | D:8      | Acquired Qazlal's fourth power
  6891 | D:8      | Found a staircase to the Lair.
  6916 | D:8      | Found a deep blue altar of Sif Muna.
  6937 | D:8      | Found an iron altar of Okawaru.
  7227 | D:8      | Found a sparkling altar of Nemelex Xobeh.
  7237 | D:8      | Reached XP level 10. HP: 91/91 MP: 15/15
  7250 | D:8      | Found a snail-covered altar of Cheibriados.
  7317 | D:8      | Found a radiant altar of Vehumet.
  8246 | D:9      | Reached skill level 10 in Axes
  8281 | D:9      | Noticed Maurice
  8322 | D:9      | Killed from afar by Maurice

Vault maps used:
D:1:      lightli_arrival_farm, lemuel_old_faithful
D:2:      first_bread, minmay_surrounded
D:3:      grunt_temple_overflow_order_and_chaos_2
D:4:      nicolae_qazlal_style_of_elements
D:6:      amethyst_overflow_temple_binary, yredelemnul_forgotten_temple_becter,
          minmay_temple_entry_enclosed_plants, serial_park, serial_park_avenue1,
          serial_park_square2, portal_sewer_entry_a
D:7:      uniq_prince_ribbit1
D:8:      vehumet_statue, nemelex_deck, gammafunk_temple_overflow_forgotten,
          dpeg_oklobed_lair
D:9:      erik_orc_4, uniq_maurice
Sewer:    sewer_minmay_treatment

Action                   |  1- 3 |  4- 6 |  7- 9 | 10-12 || total
-------------------------+-------+-------+-------+-------++-------
Melee: War axe           |    89 |    27 |       |       ||   116
       Hand axe          |       |   174 |   426 |    79 ||   679
Evoke: Wand              |       |       |       |     2 ||     2
  Use: Potion            |       |     1 |       |       ||     1
       Scroll            |       |       |     3 |       ||     3
  Eat: Chunk             |       |     7 |    14 |     4 ||    25
